 Dungeon Sprint DCSS version 0.31.0-12-g77e489cdc1 (webtiles) character file.

Game seed: 6356642729811200974

56 boopmooplesden the Protected (level 6, -11/99 HPs)
             Began as a Minotaur Fighter on Feb 11, 2024.
             Was a Priest of Trog.
             Mangled by a merfolk
             ... wielding a +0 trident
              (18 damage)
             ... in the Dungeon (Sprint VI: "Thunderdome").
             The game lasted 00:01:43 (272 turns).

boopmooplesden the Protected (Minotaur Fighter)      Turns: 272, Time: 00:01:44

Health: -11/99     AC: 11    Str: 22    XL:     6   Next: 59%
Magic:  0/5        EV:  9    Int: 13    God:    Trog [***...]
Gold:   145        SH:  0    Dex: 21    Spells: 5/5 levels left

rFire   x x .        d - +0 battleaxe
rCold   . . .        (shield currently unavailable)
rNeg    + . .        r - +0 chain mail
rPois   .            (helmet restricted)
rElec   .            (no cloak)
rCorr   +            (no gloves)
SInv    +            (no boots)
Will    .....        p - amulet "Cojoimunt" {Spirit ^Drain +Inv Int+2} Stlth
                     o - ring of Intercession {rF- rN+ rCorr Dex+3 SInv}
HPRegen 0.36/turn    q - ring of Juaveal {rF- Int+6 Dex+8}
MPRegen 0.09/turn

%: no teleportation, guardian spirit
@: berserking (expiring), very quick
A: horns 2, retaliatory headbutt
a: Renounce Religion, Evoke Invisibility, Berserk, Trog's Hand


You were in the Dungeon.
You worshipped Trog.
Trog was most pleased with you.
You visited 1 branch You collected 280 gold pieces.
You spent 135 gold pieces at shops.

Inventory:

Hand Weapons
 a - a +0 flail
 d - a +0 battleaxe (weapon)
Armour
 c - a +0 buckler
 r - a +0 chain mail (worn)
Jewellery
 o - the ring of Intercession (left hand) {rF- rN+ rCorr Dex+3 SInv}
   (You bought it in a shop in the Dungeon)

   [ring of see invisible]

   Dex+3:     It affects your dexterity (+3).
   rF-:       It makes you vulnerable to fire.
   rN+:       It protects you from negative energy.
   SInv:      It lets you see invisible.
   rCorr:     It protects you from acid and corrosion.
 p - the amulet "Cojoimunt" (around neck) {Spirit ^Drain +Inv Int+2}
   (You bought it in a shop in the Dungeon)

   [amulet of guardian spirit]

   Spirit:    It causes incoming damage to be divided between your reserves of
   health and magic.
   Int+2:     It affects your intelligence (+2).
   +Inv:      It lets you turn invisible.
   ^Drain:    It drains your maximum health when unequipped.
 q - the ring of Juaveal (right hand) {rF- Int+6 Dex+8}
   (You bought it in a shop in the Dungeon)

   [ring of intelligence]

   Int+6:     It affects your intelligence (+6).
   Dex+8:     It affects your dexterity (+8).
   rF-:       It makes you vulnerable to fire.
Wands
 l - a wand of light (5)
 m - a wand of roots (5)
Scrolls
 j - 4 scrolls of blinking
 n - 3 scrolls of fog
Potions
 e - a potion of curing
 f - 4 potions of heal wounds
 g - 4 potions of haste
 h - 2 potions of magic
 i - a potion of berserk rage
 k - a potion of resistance


   Skills:
 + Level 9.7 Fighting
 + Level 4.7(6.3) Axes
 + Level 6.4(7.1) Maces & Flails
 + Level 10.0 Armour
 + Level 0.5 Dodging
 + Level 8.8 Shields


You had 5 spell levels left.
You didn't know any spells.
Your spell library was empty.

Dungeon Overview and Level Annotations

Branches:
Dungeon (1/1)

Altars:
Cheibriados
Dithmenos
Fedhas
Gozag
Kikubaaqudgha
Makhleb
Okawaru
Qazlal
Ru
Sif Muna
Trog
Uskayaw
Vehumet
Wu Jian
Xom
Yredelemnul
Zin
The Shining One
Lugonu

Shops:
D *[=??*?*:[((!!!!


Innate Abilities, Weirdness & Mutations

You have a pair of horns on your head.
You reflexively headbutt those who attack you in melee.


Message History

You now have 145 gold pieces (gained 60).
Things that are here:
a +0 robe; a +0 dagger; an orc corpse You start removing your armour.
You continue taking off your +0 scale mail. x4
You finish taking off your +0 scale mail.
You start putting on your armour.
You continue putting on your +0 chain mail. x5
You finish putting on your +0 chain mail.
You drop a +0 scale mail.
You start resting.
Get ready!
You start resting.
ROUND 3!
FIGHT!
You sense a tension in the west.
A merfolk comes into view. It is wielding a +0 trident.
You see here a +0 short sword.
The merfolk shouts!
The merfolk throws a boomerang.
The boomerang completely misses you.
The merfolk throws a boomerang.
The boomerang hits you!
The merfolk throws a boomerang.
The boomerang hits you!
A red film seems to cover your vision as you go berserk!
You feel yourself moving faster!
You feel mighty!
The merfolk hits you from afar with a +0 trident!
You feel a strong urge to attack something.
The merfolk hits you with a +0 trident!
* * * LOW HITPOINT WARNING * * *
You barely miss the merfolk. You closely miss the merfolk.
You headbutt the merfolk.
The merfolk is lightly wounded.
The merfolk hits you with a +0 trident.
* * * LOW HITPOINT WARNING * * *
You barely miss the merfolk.
The merfolk is lightly wounded.
The merfolk hits you with a +0 trident!
* * * LOW HITPOINT WARNING * * *
You closely miss the merfolk.
The merfolk is lightly wounded.
The merfolk hits you with a +0 trident!!
You die...

#⌠...........⌠
######.8.........8.
##∩__.....).###.....
###∩........8.# #.8...
##............†###.....
#⌠..........###[..###..
#⌠..........# #.<.# #..
#⌠..........###[.†###..
##...m@........###.....
###∩........8.# #.8...
##∩___..)...###.....
######.8...[.....8.
#⌠...[.......⌠
###.........##
#_......._# #_......._#
#_......._#


You could see a merfolk.

Vanquished Creatures
  An orc warrior (D)
  A phantom (D)
  3 necrophages (D)
  2 orc wizards (D)
  An adder skeleton (D)
  3 orcs (D)
  A bat skeleton (D)
12 creatures vanquished.

Notes
Turn   | Place    | Note
-------+----------+-------------------------------------------
     0 | D        | boopmooplesden the Minotaur Fighter began the quest for the
                  | Orb.
     0 | D        | Reached XP level 1. HP: 19/19 MP: 0/0
     0 | D        | Found a blossoming altar of Fedhas.
     0 | D        | Found a corrupted altar of Lugonu.
     4 | D        | Found a burning altar of Makhleb.
     4 | D        | Found a sacrificial altar of Ru.
     5 | D        | Found a glowing silver altar of Zin.
     5 | D        | Found a hide-covered altar of Uskayaw.
     5 | D        | Round 1.
     6 | D        | Found Zoxtishru's Timeless Talismans.
     6 | D        | Found a shimmering altar of Xom.
     6 | D        | Found a shadowy altar of Dithmenos.
     6 | D        | Found Ydoemaam's Identification Station.
     7 | D        | Found Oghuan's Jewellery.
     7 | D        | Found Etoaxt's Advanced Armour.
    15 | D        | Bought a twitching granite ring for 45 gold pieces
    15 | D        | Identified the ring of Intercession {rF- rN+ rCorr Dex+3
                  | SInv} (You bought it in a shop in the Dungeon)
    15 | D        | Bought a faintly glowing bronze amulet for 45 gold pieces
    15 | D        | Identified the amulet "Cojoimunt" {Spirit ^Drain +Inv
                  | Int+2} (You bought it in a shop in the Dungeon)
    15 | D        | Bought a steaming marble ring for 45 gold pieces
    15 | D        | Identified the ring of Juaveal {rF- Int+6 Dex+8} (You
                  | bought it in a shop in the Dungeon)
    25 | D        | Found an ancient bone altar of Kikubaaqudgha.
    27 | D        | Found a radiant altar of Vehumet.
    30 | D        | Reached skill level 4 in Armour
    30 | D        | Found Hahuquick's Premium Goods.
    31 | D        | Found Hiorig's Miscellaneous Merchandise.
    31 | D        | Found Sixadghau's Basic Armour.
    32 | D        | Found an iron altar of Okawaru.
    32 | D        | Found an opulent altar of Gozag.
    32 | D        | Found Zoibyd's Weapon Rack.
    37 | D        | Found a bloodstained altar of Trog.
    38 | D        | Found a stormy altar of Qazlal.
    39 | D        | Found Jitaam's Do-It-Yourself Clinic.
    40 | D        | Found Goodwi's Bottled Wisdom.
    40 | D        | Found Xeqijeur's Distillery.
    40 | D        | Found a glowing golden altar of the Shining One.
    40 | D        | Found a snail-covered altar of Cheibriados.
    40 | D        | Found an ornate altar of the Wu Jian Council.
    40 | D        | Found Waefruha's Distillery.
    46 | D        | Became a worshipper of Trog the Wrathful
    52 | D        | Found a shimmering blue altar of Sif Muna.
    54 | D        | Found a basalt altar of Yredelemnul.
    55 | D        | Found Uguhazah's Staff Store.
    55 | D        | Found Citumad's Magic Scroll Shop.
    56 | D        | Found Muighurr's Must-Have Magic.
    56 | D        | Found Kuamuf's Magic Scroll Shop.
    65 | D        | Noticed an orc wizard
    82 | D        | Noticed an orc warrior
    86 | D        | Killed an orc wizard
    86 | D        | Reached * piety under Trog
    87 | D        | Reached skill level 5 in Fighting
    87 | D        | Reached skill level 5 in Armour
    87 | D        | Reached skill level 5 in Shields
    87 | D        | Reached XP level 2. HP: 22/29 MP: 1/1
    87 | D        | Reached XP level 3. HP: 27/36 MP: 2/2
    90 | D        | Killed an orc warrior
    91 | D        | Reached skill level 7 in Armour
    91 | D        | Reached XP level 4. HP: 17/47 MP: 0/3
   115 | D        | Reached ** piety under Trog
   115 | D        | Arena points: 14 (+14) [x2]
   116 | D        | Reached XP level 5. HP: 22/52 MP: 2/4
   180 | D        | Round 2.
   185 | D        | Noticed a phantom
   187 | D        | Reached skill level 1 in Axes
   187 | D        | Reached skill level 5 in Maces & Flails
   187 | D        | Reached skill level 8 in Armour
   199 | D        | Killed a phantom
   200 | D        | Reached skill level 9 in Armour
   200 | D        | Reached XP level 6. HP: 40/63 MP: 5/5
   203 | D        | Reached *** piety under Trog
   209 | D        | Reached skill level 10 in Armour
   209 | D        | Arena points: 56 (+42) [x3]
   256 | D        | Round 3.
   262 | D        | Noticed a merfolk
   272 | D        | Mangled by a merfolk

Illustrated notes

Levels and vault maps discovered:
D:        arena_sprint

Skill      XL: |  1  2  3  4  5  6 |
---------------+-------------------+-----
Fighting       | 5 7 9 |  9.7
Armour         | 5 7 9 10 | 10.0
Shields        | 5 6 7 8 |  8.8
Maces & Flails | 3 4 5 6 |  6.4
Axes           | 3 4 |  4.7
Dodging        | |  0.5

Action                     |  1- 3 |  4- 6 || total
---------------------------+-------+-------++-------
  Melee: Flail             |    13 |       ||    13
         Headbutt          |     1 |     8 ||     9
         Battleaxe         |       |    27 ||    27
 Invoke: Berserk           |       |     1 ||     1
    Use: Potion            |     1 |       ||     1
 Armour: Scale mail        |     8 |    31 ||    39
         Chain mail        |       |     7 ||     7
  Dodge: Dodged            |     5 |    17 ||    22
